AoeStats
← 知耻而后勇喜笑颜开

Arabian Desert

508587877Analyzed
1v1 RM · 9d ago on Sep 23, 2026· 34m 46s· 2 players
Game mode
Random Map
Map size
Tiny (2 player)
Population
200
Speed
Normal
Resources
Standard
Victory
Conquest
Starting age
Dark Age
Ending age
Imperial Age
RankedLock teamsTeams togetherTeam positionsShared explorationLock speedFull tech treeHidden civsTurbo modeCheats
Victory
Defeat
1352
+16
🇲🇽 Lithuanians · Mexico
1344
-16
DS_Matijuz
5:58 Loom
8:59 Feudal Age
9:31 Double-Bit Axe
14:51 Wheelbarrow
20:01 Castle Age
18:50 Bloodlines
18:36 Horse Collar
19:22 Forging
19:21 Scale Barding Armor
25:12 Devotion
26:35 Husbandry
27:06 Hand Cart
26:38 Town Watch
27:09 Bow Saw
36:13 Imperial Age
知耻而后勇喜笑颜开
8:43 Feudal Age
9:17 Loom
9:18 Double-Bit Axe
9:54 Horse Collar
11:01 Wheelbarrow
11:25 Town Watch
17:25 Forging
21:17 Castle Age
19:37 Gold Mining
20:07 Scale Barding Armor
20:47 Bloodlines
20:57 Stone Mining
22:51 Gold Shaft Mining
22:32 Hand Cart
22:20 Heavy Plow
28:36 Sanctity
28:30 Redemption
28:41 Sanctity
28:54 Bow Saw
Connection lost

Rejoining the realm…

Still unreachable

The connection could not be restored.

Session expired

The server has moved on; the page needs a fresh start.